[Event "Titled Tuesday Blitz February 07 Late 2023"]
[White "Yuan, Qingyu"]
[Black "Rasulov, Vugar"]
[WhiteFideId "8609772"]
[BlackFideId "13402390"]
[WhiteElo "2373"]
[BlackElo "2523"]
[Result "0-1"]
[Round "10"]
[TimeControl "180+2"]
[Date "2023.02.07"]
[WhiteClock "0:00:03"]
[BlackClock "0:00:26"]

1. e4 e5 2. Nf3 Nc6 3. Bb5 Nf6 4. d3 Bc5 5. Bxc6 dxc6 6. Nbd2 Be6 7. O-O Nd7 8. Nb3 Bd6 9. Na5 Rb8 10. Ng5 Qe7 11. Be3 O-O 12. Qh5 Nf6 13. Qe2 Bg4 14. f3 Bd7 15. g4 h6 16. Nh3 h5 17. Nf2 hxg4 18. fxg4 Nh7 19. Kh1 Qh4 20. Rg1 Ng5 21. Nc4 g6 22. Bxa7 Ra8 23. Be3 Kg7 24. Rg2 Rh8 25. d4 Ne6 26. dxe5 Be7 27. Rd1 Bc8 28. a3 b6 29. Nd2 Ba6 30. Qe1 Ng5 31. e6 Nxe6 32. Nf3 Qf6 33. Nd4 Kg8 34. Nxc6 Bd6 35. e5 Bxe5 36. Ne4 Qf3 37. Nxe5 Qxe4 38. Bg1 Bb7 39. Qxe4 Bxe4 40. Rd2 Nf4 41. g5 Rh5 42. Ng4 Bxg2+ 43. Rxg2 Nxg2 44. Nf6+ Kg7 45. Nxh5+ gxh5 46. Kxg2 Kg6 47. Be3 Kf5 48. Kf3 Ra4 49. h3 Rh4 50. Kg3 Rc4 51. c3 Ke4 52. Bd4 Kd3 53. Bf6 Kc2 54. b4 Kb3 55. Be5 Kxa3 56. Bf6 Kb3 57. Be5 c5 58. bxc5 bxc5 59. Bf6 Re4 60. Kf3 Ra4 61. Kg3 Kc2 62. Kf3 Kd3 63. Kg3 Ke3 64. Be7 h4+ 65. Kg2 Ra2+ 66. Kg1 c4 67. Bf6 Kf3 68. Bg7 Kg3 69. Kf1 Kxh3 70. g6 fxg6 0-1


[Site "https://www.chess.com"]

[Event "Titled Tuesday Blitz February 07 Late 2023"]
[White "Goltsev, Dmitry"]
[Black "Makhnev, Denis"]
[WhiteFideId "24176710"]
[BlackFideId "13707647"]
[WhiteElo "2269"]
[BlackElo "2483"]
[Result "1-0"]
[Round "10"]
[TimeControl "180+2"]
[Date "2023.02.07"]
[WhiteClock "0:01:49"]
[BlackClock "0:00:02"]

1. e4 e5 2. Nf3 Nc6 3. Bb5 a6 4. Ba4 d6 5. O-O Bd7 6. c3 g6 7. d4 Bg7 8. dxe5 dxe5 9. Bg5 Nge7 10. Nbd2 h6 11. Be3 O-O 12. Qe2 Nc8 13. Rad1 Nd6 14. Bb3 Qe7 15. Bc5 Na5 16. Bd5 Rfd8 17. b4 Nc6 18. Nc4 Be8 19. Nxd6 cxd6 20. Bb6 Rdc8 21. Qe3 Qf6 22. Nd2 Ne7 23. Bxb7 d5 24. Bxa8 Rxa8 25. Bc5 Bc6 26. Bxe7 Qxe7 27. exd5 Bxd5 28. Nb3 Bc4 29. Rfe1 Rc8 30. Nc5 a5 31. a3 h5 32. Rd7 Qe8 33. Red1 Bb5 34. R7d5 Bc6 35. R5d2 e4 36. Qg5 f6 37. Qg3 f5 38. Qg5 Kh7 39. Rd8 Rxd8 40. Qxd8 Qe5 41. Qd6 Qxc3 42. Qxc6 e3 43. fxe3 Qxe3+ 44. Kh1 Qe2 45. Qf3 Qb2 46. bxa5 Qc3 47. Qxc3 1-0


[Site "https://www.chess.com"]

[Event "Titled Tuesday Blitz February 07 Late 2023"]
[White "Oganian, Miran"]
[Black "Melkumyan, Hrant"]
[WhiteFideId "4122488"]
[BlackFideId "13302485"]
[WhiteElo "2439"]
[BlackElo "2645"]
[Result "1-0"]
[Round "10"]
[TimeControl "180+2"]
[Date "2023.02.07"]
[WhiteClock "0:00:15"]
[BlackClock "0:00:01"]

1. e4 c5 2. Nf3 Nc6 3. c3 e6 4. d4 d5 5. exd5 exd5 6. Bb5 Bd6 7. O-O Ne7 8. Nbd2 cxd4 9. Nxd4 O-O 10. N2f3 Bg4 11. Be2 Re8 12. Re1 a6 13. Bg5 Qb6 14. Nb3 h6 15. Bh4 Nf5 16. Bg3 Bxg3 17. hxg3 Nxg3 18. Bd3 Rxe1+ 19. Qxe1 Bxf3 20. gxf3 Nh5 21. Qe3 Qc7 22. Kh1 Nf4 23. Rg1 Qd6 24. Bc2 g5 25. Nc5 d4 26. Qe4 Qxc5 27. Qh7+ Kf8 28. Qh8+ Ke7 29. Qxa8 d3 30. Qxb7+ Kf8 31. Qc8+ Kg7 32. Ba4 Qxf2 33. Qg4 Qe3 34. Bxc6 d2 35. Ba4 Nd3 36. Rg2 Nf4 37. Rg1 Qb6 38. Bb3 Qf2 39. Qg3 Qe3 40. Qg4 f5 41. Qg3 Kg6 42. a4 Kf6 43. a5 Qd3 44. Bd1 Qe3 45. b4 Qxc3 46. b5 Qxa5 47. Qf2 1-0


[Site "https://www.chess.com"]

[Event "Titled Tuesday Blitz February 07 Late 2023"]
[White "Perske, Thore"]
[Black "Makridis, Dimitrios"]
[WhiteFideId "12902195"]
[BlackFideId "25864475"]
[WhiteElo "2448"]
[BlackElo "2356"]
[Result "1-0"]
[Round "10"]
[TimeControl "180+2"]
[Date "2023.02.07"]
[WhiteClock "0:00:03"]
[BlackClock "0:00:04"]

1. e4 c5 2. Nf3 Nf6 3. d3 d5 4. Nbd2 Nc6 5. g3 g6 6. Bg2 Bg7 7. O-O O-O 8. Re1 e6 9. c3 b5 10. e5 Nd7 11. d4 b4 12. h4 a5 13. h5 a4 14. a3 bxc3 15. bxc3 Qa5 16. Re3 Bh6 17. Qe1 f6 18. hxg6 hxg6 19. exf6 Bxe3 20. Qxe3 Nxf6 21. dxc5 Qc7 22. Rb1 Qg7 23. Rb6 Ne7 24. Bb2 Nf5 25. Qe2 Nh5 26. c4 d4 27. Qe4 Ra7 28. Nxd4 Rd8 29. Nxe6 Bxe6 30. Qxe6+ Qf7 31. Bd5 Qxe6 32. Rxe6 Kh7 33. Ne4 Nhg7 34. Rb6 Re7 35. Bf6 Rxd5 36. Ng5+ Kh6 37. cxd5 Re1+ 38. Kg2 Nh5 39. Nf7+ Kh7 40. Bc3 Rd1 41. d6 Kg8 42. Rb7 Nhg7 43. Bxg7 Kxg7 44. Ne5+ Kf6 45. Nf3 Rc1 46. Rc7 Ke6 47. Ng5+ Kd5 48. Nf7 Ke6 49. d7 Rc2 50. d8=Q Ne3+ 51. Kf3 Nf5 52. Rc6+ Kxf7 53. Qd7+ Kg8 54. Rxg6+ Kh8 55. Qxf5 Rxf2+ 56. Kxf2 Kh7 57. Qh5# 1-0


[Site "https://www.chess.com"]

[Event "Titled Tuesday Blitz February 07 Late 2023"]
[White "Kalogeris, Ioannis"]
[Black "Urazayev, Arystanbek"]
[WhiteFideId "4239563"]
[BlackFideId "13709810"]
[WhiteElo "2423"]
[BlackElo "2460"]
[Result "1-0"]
[Round "10"]
[TimeControl "180+2"]
[Date "2023.02.07"]
[WhiteClock "0:00:07"]
[BlackClock "0:00:03"]

1. e4 c5 2. Nf3 d6 3. d4 cxd4 4. Nxd4 Nf6 5. Nc3 Nc6 6. Bg5 e6 7. Qd2 a6 8. O-O-O Be7 9. Nxc6 bxc6 10. e5 dxe5 11. Qxd8+ Bxd8 12. Ne4 O-O 13. Rxd8 Rxd8 14. Nxf6+ gxf6 15. Bxf6 Rd4 16. Bxe5 Re4 17. Bc3 a5 18. Bd3 Rf4 19. f3 Rh4 20. h3 f5 21. Be5 Ba6 22. Rd1 Bxd3 23. Rxd3 Rh6 24. Rd6 Rg6 25. g3 Rc8 26. Kd2 Kf8 27. Rd7 Ke8 28. Rxh7 Rd8+ 29. Ke3 Rd5 30. Kf4 Rd2 31. c4 Rg2 32. g4 fxg4 33. hxg4 Rg8 34. Bd6 Rxb2 35. Re7+ Kd8 36. Ra7 Rg6 37. a3 Rc2 38. c5 Rf6+ 39. Kg3 Rg6 40. Ra8+ Kd7 41. Ra7+ Kc8 42. Rc7+ Kd8 43. Rxc6 e5 44. Bc7+ Kd7 45. Rxg6 Kxc7 46. c6 Rc3 47. Re6 Rxa3 48. g5 Ra1 49. Kg4 a4 50. Rxe5 Kxc6 51. Ra5 Kb6 52. Ra8 Kb7 53. Re8 a3 54. Kf4 Kc6 55. Re3 Kd5 56. Kf5 Kd4 57. Re4+ Kd5 58. f4 Kc5 59. Re5+ Kb4 60. g6 a2 61. Re4+ Kb5 62. Re2 Kc4 63. Rf2 Kd4 64. Rg2 Ke3 65. g7 Rf1 66. Rxa2 Rxf4+ 67. Kg5 Rf1 68. Rg2 Kf3 69. Rg4 Rc1 70. g8=Q Rc5+ 71. Kh4 Rf5 72. Qb3+ Kf2 73. Qc2+ 1-0


[Site "https://www.chess.com"]

[Event "Titled Tuesday Blitz February 07 Late 2023"]
[White "Godzwon, Iwo"]
[Black "Baskakov, Egor"]
[WhiteFideId "21802483"]
[BlackFideId "24197866"]
[WhiteElo "2394"]
[BlackElo "2215"]
[Result "0-1"]
[Round "10"]
[TimeControl "180+2"]
[Date "2023.02.07"]
[WhiteClock "0:00:05"]
[BlackClock "0:00:08"]

1. e4 c5 2. Nf3 Nf6 3. e5 Nd5 4. Nc3 e6 5. Nxd5 exd5 6. d4 Nc6 7. dxc5 Bxc5 8. Qxd5 d6 9. exd6 Qb6 10. Bc4 Bxf2+ 11. Kd1 O-O 12. Ng5 Bg4+ 13. Be2 Bxe2+ 14. Kxe2 Rae8+ 15. Kd1 Be3 16. Bxe3 Rxe3 17. Kc1 Re5 18. Qd2 Nb4 19. a3 Nxc2 20. Kxc2 Qb5 21. Nf3 Re2 22. Rad1 Rxd2+ 23. Rxd2 Qf5+ 24. Kb3 Rd8 25. Rhd1 b5 26. Rd5 Qe6 27. Kb4 Qe2 28. b3 Qxg2 29. Ne5 Qe4+ 30. Ka5 Qc2 31. R1d3 f6 32. Ng4 Qc6 33. Ne3 b4 34. Nf5 Qb6+ 35. Ka4 Rb8 36. R3d4 Qa6+ 37. Ra5 Qc6+ 0-1


[Site "https://www.chess.com"]

[Event "Titled Tuesday Blitz February 07 Late 2023"]
[White "Harvey, Marcus R"]
[Black "Martinez Ramirez, Lennis"]
[WhiteFideId "400092"]
[BlackFideId "3509079"]
[WhiteElo "2462"]
[BlackElo "2426"]
[Result "1-0"]
[Round "10"]
[TimeControl "180+2"]
[Date "2023.02.07"]
[WhiteClock "0:00:23"]
[BlackClock "0:00:03"]

1. d4 e6 2. Nf3 b6 3. e4 d5 4. e5 Ba6 5. Bxa6 Nxa6 6. c4 Qd7 7. cxd5 exd5 8. O-O O-O-O 9. a4 c6 10. Bf4 Ne7 11. Nc3 Ng6 12. Bg3 Bb4 13. Qd3 Kb7 14. Na2 Nf8 15. Ne1 f5 16. Nc2 Be7 17. b4 Nc7 18. b5 cxb5 19. axb5 g6 20. Nc3 Nfe6 21. Ra4 Ra8 22. f4 Rhc8 23. Rfa1 Kb8 24. Ne3 g5 25. Nxf5 gxf4 26. Bf2 Ng5 27. Bh4 h6 28. Kh1 Nce6 29. Nxd5 Bd8 30. Nd6 Bc7 31. Nf6 Qd8 32. Nxc8 Qxc8 33. Bxg5 hxg5 34. Qf5 Kb7 35. Rc1 1-0


[Site "https://www.chess.com"]

[Event "Titled Tuesday Blitz February 07 Late 2023"]
[White "Gadimbayli, Abdulla"]
[Black "Rosen, Eric"]
[WhiteFideId "13404938"]
[BlackFideId "2032562"]
[WhiteElo "2500"]
[BlackElo "2349"]
[Result "1-0"]
[Round "10"]
[TimeControl "180+2"]
[Date "2023.02.07"]
[WhiteClock "0:01:19"]
[BlackClock "0:00:01"]

1. e4 c5 2. Nf3 Nc6 3. Bb5 g6 4. Bxc6 dxc6 5. d3 Bg7 6. h3 Nf6 7. Nc3 Nd7 8. Be3 e5 9. Qd2 h6 10. O-O b6 11. Nh2 Nf8 12. f4 exf4 13. Bxf4 Ne6 14. Be3 Nd4 15. Rae1 Be6 16. e5 Qc7 17. Bf4 g5 18. Bg3 O-O-O 19. Nf3 c4 20. Nxd4 Rxd4 21. Ne4 cxd3 22. cxd3 Rd5 23. Nd6+ Kb8 24. Nxf7 Rf8 25. Nd6 Rxf1+ 26. Kxf1 a5 27. Kg1 Bf8 28. Qf2 Be7 29. d4 b5 30. Kh2 a4 31. a3 h5 32. Kg1 h4 33. Bh2 Qb6 34. Re4 c5 35. Nf5 Bf8 36. Ne3 Be7 37. Nxd5 Bxd5 38. e6+ Ka7 39. Re5 Qc6 40. Qf7 Qd6 41. Rxd5 1-0


[Site "https://www.chess.com"]

[Event "Titled Tuesday Blitz February 07 Late 2023"]
[White "Janaszak, Dawid"]
[Black "Bolourchifard, Farzad"]
[WhiteFideId "1119206"]
[BlackFideId "12510084"]
[WhiteElo "2316"]
[BlackElo "2292"]
[Result "0-1"]
[Round "10"]
[TimeControl "180+2"]
[Date "2023.02.07"]
[WhiteClock "0:00:02"]
[BlackClock "0:00:17"]

1. e4 e5 2. Nf3 Nc6 3. d4 exd4 4. Nxd4 Bc5 5. Nb3 Bb4+ 6. c3 Be7 7. Bf4 d6 8. N1d2 Nf6 9. Bd3 O-O 10. O-O b6 11. Re1 Bb7 12. Qe2 a5 13. Nd4 Nd7 14. Nf5 Bf6 15. Bc2 Ne7 16. Qg4 Nxf5 17. Qxf5 Re8 18. Rad1 g6 19. Qh3 a4 20. Nc4 b5 21. Ne3 Ne5 22. Nd5 Bg7 23. Qg3 Nc4 24. Bg5 f6 25. Bc1 Bxd5 26. exd5 Qd7 27. h4 Rxe1+ 28. Rxe1 Re8 29. Rd1 f5 30. h5 Qf7 31. hxg6 hxg6 32. Qh4 Qf6 33. Bg5 Qe5 34. Rd3 Qe1+ 35. Kh2 Qe4 36. Qxe4 fxe4 37. Rg3 Be5 38. b3 Bxg3+ 39. Kxg3 axb3 40. axb3 Na3 41. Bd1 Re5 42. Be3 Rxd5 43. Bg4 Rd3 44. Kf4 d5 45. Be6+ Kf8 46. Ke5 c6 47. Kf6 Rxc3 48. b4 Rxe3 49. fxe3 Nc2 0-1


[Site "https://www.chess.com"]

[Event "Titled Tuesday Blitz February 07 Late 2023"]
[White "Timmermans, Mark"]
[Black "Goroshkov, Maksym"]
[WhiteFideId "1026399"]
[BlackFideId "14142716"]
[WhiteElo "2392"]
[BlackElo "2287"]
[Result "0-1"]
[Round "10"]
[TimeControl "180+2"]
[Date "2023.02.07"]
[WhiteClock "0:01:02"]
[BlackClock "0:01:56"]

1. e4 e5 2. Nf3 d6 3. d4 Bg4 4. dxe5 Nd7 5. exd6 Bxd6 6. Bd3 Ngf6 7. h3 Bh5 8. Bg5 Qe7 9. Nbd2 h6 10. Bh4 g5 11. Bg3 Bxg3 12. fxg3 O-O-O 13. g4 Bg6 14. O-O Nc5 15. Qe2 h5 16. gxh5 Nxh5 17. Qe3 g4 18. hxg4 Ng3 19. Rfe1 Ne6 20. Qxa7 Nf4 21. Qa8+ Kd7 22. Bb5+ Ke6 23. Qxb7 Qc5+ 0-1


[Site "https://www.chess.com"]

[Event "Titled Tuesday Blitz February 07 Late 2023"]
[White "Fernandez Guillen, Ernesto J."]
[Black "Fisher_TheGalactic"]
[WhiteFideId "3512428"]
[WhiteElo "2477"]
[BlackElo "2561"]
[Result "1-0"]
[Round "10"]
[TimeControl "180+2"]
[Date "2023.02.07"]
[WhiteClock "0:01:06"]
[BlackClock "0:00:01"]

1. e4 b6 2. d4 Bb7 3. Bd3 Nf6 4. Nd2 e6 5. Ne2 d5 6. e5 Nfd7 7. O-O c5 8. c3 Nc6 9. f4 g6 10. g4 Qc7 11. f5 O-O-O 12. fxe6 fxe6 13. Nf3 Be7 14. Bh6 Rde8 15. Nf4 Bd8 16. Rc1 c4 17. Bc2 Kb8 18. Qd2 Bc8 19. Rf2 Rhg8 20. Rcf1 b5 21. Nh3 Be7 22. Nfg5 Ndxe5 23. dxe5 Bc5 24. Nf3 Bxf2+ 25. Rxf2 Ka8 26. Bf4 Bb7 27. Nd4 Nxd4 28. Qxd4 Bc6 29. Bh6 Re7 30. Ng5 Rge8 31. a3 Kb7 32. Kf1 Qb6 33. Qxb6+ Kxb6 34. Ke2 a5 35. Nf3 Rf7 36. Nd4 Rxf2+ 37. Kxf2 Bd7 38. h4 b4 39. h5 bxa3 40. bxa3 gxh5 41. gxh5 Kc7 42. Bg7 Rb8 43. Bxh7 Rb2+ 44. Ke3 Ra2 45. h6 Rxa3 46. Kd2 Ra2+ 47. Bc2 Ra1 48. h7 Rh1 49. h8=Q Rxh8 50. Bxh8 a4 51. Kc1 Kb6 52. Kb2 Ka5 53. Ka3 Bc8 54. Bg7 Bd7 55. Bf8 Kb6 56. Bb4 Ka6 57. Bxa4 Bc8 58. Bc5 Ka5 59. Bc6 Ba6 60. Nxe6 Bc8 61. Nd4 Ba6 62. Bxd5 Bc8 63. Bc6 Ba6 64. Be8 Bc8 65. Ba4 Ba6 66. Nc6# 1-0


[Site "https://www.chess.com"]

[Event "Titled Tuesday Blitz February 07 Late 2023"]
[White "Ozates, Tuna"]
[Black "Tanenbaum, Zachary"]
[WhiteFideId "6354521"]
[BlackFideId "2060850"]
[WhiteElo "2251"]
[BlackElo "2261"]
[Result "1-0"]
[Round "10"]
[TimeControl "180+2"]
[Date "2023.02.07"]
[WhiteClock "0:01:24"]
[BlackClock "0:00:18"]

1. e4 e5 2. Nf3 Nc6 3. Bc4 Nf6 4. d3 Be7 5. O-O O-O 6. Bb3 d5 7. exd5 Nxd5 8. Re1 Bg4 9. Nbd2 Nb6 10. h3 Bh5 11. g4 Bg6 12. Nxe5 Nxe5 13. Rxe5 Bd6 14. Re1 Kh8 15. Ne4 Be7 16. Bd2 f5 17. Ng3 Bc5 18. Be3 Bxe3 19. fxe3 Qg5 20. Kh2 Rae8 21. gxf5 Bxf5 22. Qh5 Qxh5 23. Nxh5 Bg6 24. Nf4 Bf5 25. Kg3 g5 26. Nd5 Nxd5 27. Bxd5 c6 28. Bb3 h5 29. e4 Be6 30. Rf1 Kg7 31. Bxe6 Rxe6 32. Rxf8 Kxf8 33. Rf1+ Kg7 34. Rf5 Kg6 35. h4 gxh4+ 36. Kxh4 b6 37. Rg5+ Kf6 38. Rxh5 Re7 39. Kg3 c5 40. Kf4 Rg7 41. Rh2 Ke6 42. c3 Rd7 43. Rh6+ 1-0


[Site "https://www.chess.com"]

[Event "Titled Tuesday Blitz February 07 Late 2023"]
[White "Bilan, Danila"]
[Black "Salimova, Nurgyul"]
[WhiteFideId "24161918"]
[BlackFideId "2915138"]
[WhiteElo "2303"]
[BlackElo "2391"]
[Result "0-1"]
[Round "10"]
[TimeControl "180+2"]
[Date "2023.02.07"]
[WhiteClock "0:01:07"]
[BlackClock "0:01:32"]

1. d4 Nf6 2. Nf3 d5 3. c4 e6 4. Nc3 c6 5. Bg5 dxc4 6. e4 b5 7. e5 h6 8. Bh4 g5 9. Nxg5 hxg5 10. Bxg5 Be7 11. exf6 Bxf6 12. Bxf6 Qxf6 13. g3 Na6 14. Bg2 Bb7 15. Nxb5 O-O-O 16. Nxa7+ Kc7 17. Qa4 Qxd4 18. Nxc6 Qd2+ 19. Kf1 Nc5 20. Nxd8 Bxg2+ 21. Kxg2 Qd5+ 22. Kg1 Nxa4 23. Nxf7 Rf8 24. Ng5 0-1


[Site "https://www.chess.com"]

[Event "Titled Tuesday Blitz February 07 Late 2023"]
[White "Cardoso Cardoso, Jose Gabriel"]
[Black "Becerra, Juan David"]
[WhiteFideId "4430492"]
[BlackFideId "4404998"]
[WhiteElo "2492"]
[BlackElo "2382"]
[Result "1-0"]
[Round "10"]
[TimeControl "180+2"]
[Date "2023.02.07"]
[WhiteClock "0:00:09"]
[BlackClock "0:00:02"]

1. c4 e5 2. g3 Nf6 3. Bg2 c6 4. Nf3 d6 5. Nc3 Be7 6. d4 Nbd7 7. O-O O-O 8. e4 Re8 9. Re1 Bf8 10. h3 a5 11. Be3 Qc7 12. Qc2 g6 13. Rad1 Bg7 14. Qd2 a4 15. dxe5 Nxe5 16. Nxe5 dxe5 17. Qc2 Qa5 18. Bd2 Qa6 19. Bf1 Be6 20. Nd5 Rac8 21. Nxf6+ Bxf6 22. Be3 c5 23. Rd2 Qc6 24. Red1 Red8 25. Kh2 Rxd2 26. Rxd2 Rd8 27. Rxd8+ Bxd8 28. Qd3 Be7 29. h4 h5 30. Bh3 Bxh3 31. Kxh3 Qe6+ 32. Kg2 Qd6 33. Qxd6 Bxd6 34. f4 exf4 35. gxf4 Kf8 36. Kf3 f5 37. e5 Be7 38. Bf2 Ke8 39. Ke2 Kd7 40. Kd3 Kc6 41. Kc3 b5 42. cxb5+ Kxb5 43. b3 axb3 44. Kxb3 Bd8 45. a4+ Kc6 46. Kc4 Be7 47. a5 Bd8 48. a6 Be7 49. a7 Kb7 50. Bxc5 Bxh4 51. e6 Bf6 52. e7 Bxe7 53. Bxe7 Kxa7 54. Kd5 Kb7 55. Ke6 Kc6 56. Kf7 Kd5 57. Kxg6 Ke4 58. Kg5 h4 59. Bc5 h3 60. Bg1 Kf3 61. Kxf5 Kg2 62. Kg4 1-0


[Site "https://www.chess.com"]

[Event "Titled Tuesday Blitz February 07 Late 2023"]
[White "Dubov, Daniil"]
[Black "Danielyan, Vahe"]
[WhiteFideId "24126055"]
[BlackFideId "13304828"]
[WhiteElo "2708"]
[BlackElo "2346"]
[Result "1-0"]
[Round "10"]
[TimeControl "180+2"]
[Date "2023.02.07"]
[WhiteClock "0:03:11"]
[BlackClock "0:00:02"]

1. e4 e5 2. Nc3 Nf6 3. g3 d5 4. exd5 Nxd5 5. Bg2 Nxc3 6. bxc3 Nc6 7. Nf3 Bd6 8. O-O O-O 9. Re1 Bg4 10. d3 Re8 11. Rb1 Rb8 12. h3 Bh5 13. g4 Bg6 14. h4 f6 15. h5 Bf7 16. Nh4 Bf8 17. Be4 Qd7 18. Qf3 Nd8 19. Nf5 Ne6 20. Rxb7 Rxb7 21. Bxb7 Nd8 22. Be4 c6 23. g5 Bd5 24. g6 Bxe4 25. dxe4 Ne6 26. Rd1 Qb7 27. Qd3 Rd8 28. Qxd8 Nxd8 29. Rxd8 hxg6 30. hxg6 Qc7 31. Ra8 Qb7 32. Rd8 Qc7 33. Re8 Qd7 34. Ne7+ Qxe7 35. Rxe7 Bxe7 36. Be3 a6 37. Kg2 Kf8 38. Kf3 Ke8 39. Kg4 Kd7 40. Kf5 Bf8 41. f3 Bd6 42. Bh6 Bf8 43. Be3 Bd6 44. Bd2 Bf8 45. f4 exf4 46. Bxf4 Bd6 47. Be3 Bf8 48. Bd4 Be7 49. e5 fxe5 50. Bxe5 Bf8 51. c4 Ke7 52. Bc3 Kd7 53. Bb2 Kd6 54. Ba3+ c5 55. Bb2 a5 56. a4 Kc6 57. Bc3 Kb6 58. Ke6 Kc6 59. Kf7 1-0


[Site "https://www.chess.com"]

[Event "Titled Tuesday Blitz February 07 Late 2023"]
[White "Zierk, Steven"]
[Black "Leiva, Gianmarco"]
[WhiteFideId "2034255"]
[BlackFideId "3804399"]
[WhiteElo "2488"]
[BlackElo "2392"]
[Result "1/2-1/2"]
[Round "10"]
[TimeControl "180+2"]
[Date "2023.02.07"]
[WhiteClock "0:01:45"]
[BlackClock "0:00:05"]

1. e4 c5 2. Nf3 d6 3. d4 cxd4 4. Nxd4 Nf6 5. Nc3 a6 6. h3 e5 7. Nde2 h5 8. Bg5 Be6 9. Bxf6 Qxf6 10. Nd5 Qd8 11. Nec3 g6 12. Bc4 Bh6 13. a4 O-O 14. Qd3 Nd7 15. O-O Rc8 16. Rfd1 Nc5 17. Qe2 Bd7 18. Ne3 Bc6 19. Bd5 Qe7 20. Bxc6 bxc6 21. b4 Ne6 22. Qxa6 Nd4 23. Qd3 f5 24. exf5 gxf5 25. Ne2 Nxe2+ 26. Qxe2 d5 27. Qxh5 Bxe3 28. fxe3 Rf6 29. Rf1 Rcf8 30. Rf3 Qg7 31. Qh4 Rh6 32. Qf2 Rg6 33. Kh1 e4 34. Rxf5 Rxf5 35. Qxf5 Qxa1+ 36. Kh2 Qf6 37. Qc8+ Qf8 38. Qd7 Qb8+ 39. Kh1 Qg3 40. Qe8+ Kg7 41. Qe7+ Kg8 42. Qe8+ Kh7 43. Qf7+ Rg7 44. Qh5+ Kg8 45. Qe8+ Kh7 46. Qh5+ Kg8 47. Qe8+ Kh7 48. Qh5+ 1/2-1/2


[Site "https://www.chess.com"]

[Event "Titled Tuesday Blitz February 07 Late 2023"]
[White "Tari, Aryan"]
[Black "Tan, Zhongyi"]
[WhiteFideId "1510045"]
[BlackFideId "8603642"]
[WhiteElo "2642"]
[BlackElo "2517"]
[Result "1-0"]
[Round "10"]
[TimeControl "180+2"]
[Date "2023.02.07"]
[WhiteClock "0:01:26"]
[BlackClock "0:00:50"]

1. e4 c5 2. Nf3 d6 3. Bc4 e6 4. O-O Nf6 5. Re1 Be7 6. c3 O-O 7. Bf1 e5 8. a4 Nc6 9. Na3 Bg4 10. h3 Bh5 11. Nc4 Re8 12. d3 h6 13. g4 Bg6 14. Nh4 Bh7 15. Nf5 Bf8 16. Qf3 d5 17. exd5 Nxd5 18. Bg2 Nb6 19. Nd2 Qd7 20. Ne4 Bxf5 21. gxf5 Rad8 22. Bxh6 Qxd3 23. Re3 Qc2 24. Bxg7 Bxg7 25. f6 Bh6 26. Qg4+ Kh7 27. Qf5+ Kh8 28. Qh5 Kh7 29. Ng5+ Kg8 30. Qxh6 Qg6 31. Qxg6+ fxg6 32. f7+ 1-0


[Site "https://www.chess.com"]

[Event "Titled Tuesday Blitz February 07 Late 2023"]
[White "Fiorito, Joaquin"]
[Black "Ramirez, Alejandro"]
[WhiteFideId "180173"]
[BlackFideId "6500617"]
[WhiteElo "2405"]
[BlackElo "2572"]
[Result "1-0"]
[Round "10"]
[TimeControl "180+2"]
[Date "2023.02.07"]
[WhiteClock "0:00:59"]
[BlackClock "0:01:23"]

1. d4 Nf6 2. Nc3 d5 3. Bf4 a6 4. e3 h6 5. h4 b5 6. h5 c5 7. dxc5 Nc6 8. Nf3 Bg4 9. Be2 e6 10. Nd4 Bxe2 11. Qxe2 Qd7 12. Nxc6 Qxc6 13. b4 d4 14. exd4 Qxg2 15. O-O-O Nd5 16. Nxd5 Qxd5 17. Kb2 Be7 18. Be5 f6 19. Bf4 a5 20. Qxb5+ Kf7 21. bxa5 e5 22. dxe5 fxe5 23. Rxd5 Rhb8 24. Qxb8 Rxb8+ 25. Ka3 exf4 26. Rf5+ Ke6 27. Rxf4 Bxc5+ 28. Ka4 Ke5 29. Rc4 Bxf2 30. Rf1 Bd4 31. c3 Ba7 32. Rg4 Rb7 33. a6 Rc7 34. c4 Kd6 35. Rf5 Bd4 36. Rd5+ 1-0


[Site "https://www.chess.com"]

[Event "Titled Tuesday Blitz February 07 Late 2023"]
[White "Preotu, Razvan"]
[Black "Ozen, Bahadir"]
[WhiteFideId "2613280"]
[BlackFideId "6337058"]
[WhiteElo "2475"]
[BlackElo "2369"]
[Result "1-0"]
[Round "10"]
[TimeControl "180+2"]
[Date "2023.02.07"]
[WhiteClock "0:00:03"]
[BlackClock "0:00:18"]

1. e4 g6 2. d4 Bg7 3. Nc3 e6 4. Be3 Ne7 5. h4 h5 6. Nf3 d6 7. Qd2 a6 8. O-O-O b5 9. e5 Bb7 10. Bd3 Bxf3 11. gxf3 d5 12. f4 Nd7 13. Kb1 Nb6 14. b3 c6 15. Ne2 Kd7 16. Ng1 a5 17. Nf3 Bh6 18. f5 Bxe3 19. fxe6+ fxe6 20. fxe3 a4 21. Ng5 axb3 22. cxb3 Rf8 23. Qb4 Qc7 24. Rhf1 Nc4 25. Nh7 Rxf1 26. Rxf1 Na3+ 27. Kb2 c5 28. Bxb5+ Nxb5 29. Qxb5+ Qc6 30. Nf8+ Kc7 31. Qxc6+ Kxc6 32. Nxe6 cxd4 33. Nxd4+ Kd7 34. Rf7 Rg8 35. a4 Ke8 36. Rh7 Rf8 37. a5 Rf2+ 38. Ka3 Rf1 39. Kb4 Kd8 40. Kb5 Nc8 41. Nc6+ Ke8 42. Rh8+ Kd7 43. e6+ Kc7 44. e7 Nd6+ 45. Kb4 Kxc6 46. Rd8 Ne8 47. Rxe8 Kd7 48. Rf8 Kxe7 49. Rxf1 1-0


[Site "https://www.chess.com"]

[Event "Titled Tuesday Blitz February 07 Late 2023"]
[White "Korchmar, Vasiliy"]
[Black "Koziorowicz, Michal"]
[WhiteFideId "24131750"]
[BlackFideId "21809194"]
[WhiteElo "2438"]
[BlackElo "2307"]
[Result "0-1"]
[Round "10"]
[TimeControl "180+2"]
[Date "2023.02.07"]
[WhiteClock "0:00:04"]
[BlackClock "0:02:08"]

1. e4 c5 2. Nf3 d6 3. d4 cxd4 4. Nxd4 Nf6 5. Nc3 g6 6. Be3 Bg7 7. f3 O-O 8. Qd2 Nc6 9. O-O-O d5 10. exd5 Nxd5 11. Nxc6 bxc6 12. Bd4 Bxd4 13. Qxd4 Qb6 14. Na4 Qa5 15. b3 Qc7 16. g4 Be6 17. Nc5 Rad8 18. Nxe6 fxe6 19. Be2 Rf4 20. Qc5 Qe5 21. Bd3 Rxf3 22. Qxc6 Rf2 23. c3 Nxc3 24. Rd2 Nxa2+ 25. Kd1 Qa1+ 26. Kc2 Nb4# 0-1


[Site "https://www.chess.com"]

[Event "Titled Tuesday Blitz February 07 Late 2023"]
[White "Ismagilov, Damir"]
[Black "Javakhadze, Zurab"]
[WhiteFideId "34199982"]
[BlackFideId "13603647"]
[WhiteElo "2156"]
[BlackElo "2459"]
[Result "1/2-1/2"]
[Round "10"]
[TimeControl "180+2"]
[Date "2023.02.07"]
[WhiteClock "0:00:10"]
[BlackClock "0:00:05"]

1. e4 g6 2. d4 Bg7 3. Nc3 d6 4. Nf3 a6 5. Bc4 b5 6. Bd5 c6 7. Bb3 e6 8. e5 d5 9. Ne2 Nd7 10. c3 c5 11. h4 h6 12. Bf4 Ne7 13. Qd2 a5 14. Bc2 Ba6 15. a3 Qb6 16. b4 cxb4 17. cxb4 Bb7 18. O-O Nc6 19. Bd3 Bf8 20. Rfc1 axb4 21. axb4 Rxa1 22. Rxa1 Bxb4 23. Qb2 Ke7 24. Qc1 Ra8 25. Bxh6 Rxa1 26. Qxa1 Qa6 27. Qc1 Ke8 28. h5 gxh5 29. Bg7 Bf8 30. Qh6 Qa5 31. Ng5 Qe1+ 32. Kh2 Qxf2 33. Ng3 Nxd4 34. Nxh5 Qh4+ 35. Nh3 Nxe5 36. Nf6+ Qxf6 37. Qxf6 Ng4+ 38. Kg3 Nxf6 39. Bxf6 Bd6+ 40. Kh4 Nc6 41. Bxb5 Be7 42. Kg5 Bxf6+ 43. Kxf6 Kf8 44. Ng5 Nd8 45. Nh7+ Kg8 46. Ng5 Bc6 47. Bxc6 Nxc6 48. Nxf7 d4 49. Ng5 d3 50. Nf3 Nd4 51. Nd2 Ne2 52. Kxe6 Nf4+ 53. Ke5 Nxg2 54. Kd4 Ne1 55. Ke3 Nc2+ 56. Kxd3 1/2-1/2


[Site "https://www.chess.com"]

[Event "Titled Tuesday Blitz February 07 Late 2023"]
[White "Dourerassou, Jonathan"]
[Black "Saveliev, Alexei"]
[WhiteFideId "628050"]
[BlackFideId "24128546"]
[WhiteElo "2414"]
[BlackElo "2385"]
[Result "1-0"]
[Round "10"]
[TimeControl "180+2"]
[Date "2023.02.07"]
[WhiteClock "0:00:51"]
[BlackClock "0:01:09"]

1. e4 g6 2. Nc3 Bg7 3. d4 d6 4. h4 h5 5. Nf3 Nc6 6. Bc4 Bg4 7. Be3 Nf6 8. Qd2 Bxf3 9. gxf3 e5 10. d5 Nd4 11. Bxd4 exd4 12. Qxd4 O-O 13. Qd2 Kh7 14. O-O-O a6 15. Kb1 b5 16. Bd3 Nd7 17. f4 Qf6 18. Rhg1 b4 19. e5 bxc3 20. exf6 cxd2 21. fxg7 Kxg7 22. Rxd2 f5 23. Re2 Nf6 24. Bxf5 Nxd5 25. Rxg6+ Kh8 26. Rh6+ Kg7 27. Rxh5 Nxf4 28. Rg5+ Kf6 29. Re4 Rae8 30. c3 Nd5 31. Bg6 Rxe4 32. Bxe4 Ne7 33. f3 Rh8 34. Rg4 d5 35. Bd3 a5 36. Kc2 c5 37. b3 Ke5 38. Kd2 Rf8 39. Ke2 Nc6 40. h5 d4 41. Rg5+ Kd6 42. Rg6+ Kc7 43. Be4 Ne5 44. Rg7+ Kd6 45. cxd4 cxd4 46. h6 a4 47. h7 axb3 48. axb3 Ra8 49. Bxa8 1-0


[Site "https://www.chess.com"]